 Dungeon Crawl Stone Soup version 0.20.1-1-g8b1a95d (webtiles) character file.

240 ANON1729 the Conjurer (level 5, -5/38 HPs)
             Began as a Draconian Conjurer on Aug 5, 2017.
             Slain by Peloso's ghost (13 damage)
             ... on level 3 of the Dungeon.
             The game lasted 00:15:49 (5076 turns).

ANON1729 the Conjurer (Draconian Conjurer)          Turns: 5076, Time: 00:15:49

Health: -5/38      AC:  8    Str: 10    XL:     5   Next: 79%
Magic:  1/11       EV: 13    Int: 16    God:
Gold:   144        SH:  0    Dex: 12    Spells: 5/12 levels left

rFire    . . .     SeeInvis .   q - +1 falchion (slice)
rCold    . . .     Gourm    .   (no shield)
rNeg     . . .     Faith    .   (armour unavailable)
rPois    .         Spirit   .   (helmet restricted)
rElec    .         Reflect  .   o - +2 cloak
rCorr    .         Harm     .   (no gloves)
MR       +....                  (no boots)
Stlth    ++........             (no amulet)
Regen    0.2/turn               c - ring of protection from magic
MPRegen  0.2/turn               (no ring)

@: very slightly contaminated
A: unfitting armour, cold-blooded, AC +5
a: no special abilities


You were on level 3 of the Dungeon.
You were hungry.

You visited 1 branch of the dungeon, and saw 4 of its levels.

You collected 144 gold pieces.

Inventory:

Hand Weapons
 d - a +1 short sword of venom
 q - a +1 falchion of slicing (weapon)
Armour
 o - a +2 cloak (worn)
Jewellery
 c - a ring of protection from magic (left hand)
Scrolls
 e - 4 scrolls of identify {unknown}
 h - a scroll of enchant armour {unknown}
 i - a scroll of blinking {unknown}
 j - a scroll of amnesia {unknown}
 k - a scroll of fear {unknown}
 n - 2 scrolls of immolation {unknown}
 r - 2 scrolls of remove curse {unknown}
 s - a scroll of enchant weapon {unknown}
 u - a scroll of magic mapping {unknown}
Potions
 g - 2 potions of agility {unknown}
 l - a potion of lignification {unknown}
 m - a potion of heal wounds {unknown}
 p - a potion of curing {unknown}
Books
 a - a book of Conjurations

   Spells                             Type                      Level
   a - Magic Dart                     Conjuration                  1
   b - Searing Ray                    Conjuration                  2
   c - Dazzling Spray                 Conjuration/Hexes            3
   d - Fulminant Prism                Conjuration/Hexes            4
   e - Force Lance                    Conjuration/Translocation    4
   f - Iskenderun's Mystic Blast      Conjuration                  4
Comestibles
 b - 2 bread rations
 f - 3 meat rations
 t - 4 fruits
 v - 2 chunks of flesh


   Skills:
 - Level 2.6 Dodging
 - Level 2.1 Stealth
 * Level 4.2 Spellcasting
 + Level 5.1 Conjurations


You had 5 spell levels left.
You knew the following spells:

 Your Spells              Type           Power        Failure   Level  Hunger
a - Magic Dart            Conj           ###.         1%          1    None
b - Searing Ray           Conj           ###...       3%          2    ##.....
c - Fulminant Prism       Conj/Hex       ##........   50%         4    ####...


Dungeon Overview and Level Annotations

Branches:
Dungeon (4/15)
 Temple: D:4-7

Altars:
Trog
Uskayaw
Yredelemnul

Annotations:
D:2 exclusion: downstairs
D:3 Peloso's ghost, amateur DDFi
D:4 baghtru's ghost, novice HOFi


Innate Abilities, Weirdness & Mutations

Your plain brown scales are hard. (AC +5)
You cannot fit into any form of body armour.
You are cold-blooded and may be slowed by cold attacks.


Message History

Confirm with . or Enter, or press ? or * to list all spells.
Aiming: Searing Ray
Press: ? - help, Shift-Dir - straight line, f - Peloso's ghost
Aim: Peloso's ghost (lightly damaged)
The searing ray hits Peloso's ghost.
Peloso's ghost is lightly damaged. (Press . to maintain the ray.) Peloso's ghost barely misses you.
You riposte.
You hit Peloso's ghost.
Peloso's ghost is lightly damaged.
The searing ray hits Peloso's ghost.
Peloso's ghost is moderately damaged.
Peloso's ghost stares at you. Peloso's ghost hits you!
The searing ray hits Peloso's ghost.
Peloso's ghost is moderately damaged.
You are feeling hungry.
Peloso's ghost hits you!
* * * LOW HITPOINT WARNING * * *
Peloso's ghost hits you!
You die...

##..#.# #.##.....#.##......
#.....# ###.#................
#.#..## #....####...##.......
###.##.## #....# ###.###......
#....#..# #....# #_#####......
#....##.# #....# #....###.#.##
#....##.###....# ##.### ##..#
#....##..##....####.#### #...#
#####.####.##...@.##..##.###W.##
......##^...#....W##....#..#..#
......##....#....#.######..#.##
....<.##....##...##.#..#.#..##
########.....#...#...#....#.#
#...#.#...#......##..#
#...#.#...###.#.###.##
#...#..#+## #.......#
####.....######.#####


You could see Peloso's ghost.

Vanquished Creatures
  A centaur skeleton (D:4)
  An orc priest (D:4)
  A worker ant (D:4)
  3 adders
  2 oozes
  An adder skeleton (D:4)
  4 worms
  2 dart slugs
  2 leopard geckos
  6 orcs (D:4)
  9 bats
  4 giant cockroaches
  7 goblins
  15 hobgoblins
  8 jackals
  5 quokkas
  4 frilled lizards
  11 kobolds
  7 rats
93 creatures vanquished.

Vanquished Creatures (others)
  2 fulminant prisms (D:3)
2 creatures vanquished.

Grand Total: 95 creatures vanquished

Notes
Turn   | Place    | Note
-------+----------+-------------------------------------------
     0 | D:1      | ANON1729 the Draconian Conjurer began the quest for the Orb.
     0 | D:1      | Reached XP level 1. HP: 14/14 MP: 3/3
   359 | D:1      | Reached XP level 2. HP: 20/20 MP: 1/5
   617 | D:1      | Reached XP level 3. HP: 11/26 MP: 0/6
   796 | D:1      | Learned a level 2 spell: Searing Ray
  1668 | D:2      | Reached XP level 4. HP: 26/33 MP: 8/8
  2189 | D:3      | Found a basalt altar of Yredelemnul.
  2192 | D:3      | Noticed Peloso's ghost (amateur DDFi)
  2532 | D:3      | Found a faded altar of an unknown god.
  3316 | D:2      | Learned a level 4 spell: Fulminant Prism
  3783 | D:4      | Reached XP level 5. HP: 37/38 MP: 1/10
  3923 | D:4      | Found a bloodstained altar of Trog.
  4185 | D:4      | Noticed baghtru's ghost (novice HOFi)
  4195 | D:4      | Found a hide-covered altar of Uskayaw.
  4380 | D:4      | Reached skill level 5 in Conjurations
  5076 | D:3      | Slain by Peloso's ghost

Skill      XL: |  1  2  3  4  5 |
---------------+----------------+-----
Dodging        | 2 |  2.6
Stealth        | 2 |  2.1
Spellcasting   | 3 4 |  4.2
Conjurations   | 5 |  5.1

Action                   |  1- 3 |  4- 6 || total
-------------------------+-------+-------++-------
Melee: Short sword       |   106 |    59 ||   165
       Club              |     3 |       ||     3
       Tailslap          |     7 |     5 ||    12
       Falchion          |       |    15 ||    15
 Cast: Magic Dart        |    22 |    34 ||    56
       Searing Ray       |     2 |    18 ||    20
       Fulminant Prism   |       |     2 ||     2
  Use: Potion            |       |     1 ||     1
 Stab: Sleeping          |     2 |     4 ||     6
       Distracted        |     1 |       ||     1
       Invisible         |       |     1 ||     1
  Eat: Chunk             |     3 |     7 ||    10
       Bread ration      |       |     1 ||     1
Armor: Skin              |    52 |    47 ||    99
Dodge: Dodged            |    62 |   111 ||   173
       Rpst.: Falchion   |       |     5 ||     5
